 Dungeon Crawl Stone Soup version 0.28-a0-925-gd5e1996cdb (webtiles) character file.

Game seed: 397932221738095107

27 croobank the Insei (level 3, -2/23 HPs)
             Began as an Octopode Transmuter on Nov 27, 2021.
             Slain by a hound (5 damage)
             ... on level 2 of the Dungeon.
             The game lasted 00:04:07 (1244 turns).

croobank the Insei (Octopode Transmuter)            Turns: 1244, Time: 00:04:07

Health: -2/23      AC:  1    Str: 10    XL:     3   Next: 10%
Magic:  4/6        EV: 13    Int: 15    God:
Gold:   68         SH:  0    Dex: 12    Spells: 3/6 levels left

rFire   . . .      SeeInvis .   a - +0 trident
rCold   . . .      Faith    .   (no shield)
rNeg    . . .      Spirit   .   (helmet currently unavailable)
rPois   .          Reflect  .   (no amulet)
rElec   .          Harm     .   (no ring)
rCorr   .          Rampage  .   (no ring)
Will    .....                   (no ring)
Stlth   +++.......              (no ring)
HPRegen 0.07/turn               (no ring)
MPRegen 0.10/turn               (no ring)
                                (no ring)
                                (no ring)

@: appendages (expiring)
A: tentacle spike 3, almost no armour, amphibious, 8 rings, camouflage 1,
gelatinous body 1, (nimble swimmer 1), tentacles
a: End Transformation


You were on level 2 of the Dungeon.
One of your tentacles had grown a beastly spike.
You visited 1 branch of the dungeon, and saw 2 of its levels.

You collected 68 gold pieces.

Inventory:

Hand Weapons
 a - a +0 trident (weapon)
Missiles
 b - 64 stones
 e - 18 sling bullets
Jewellery
 c - an amulet of faith
Scrolls
 f - 2 scrolls of teleportation
Potions
 d - 2 potions of heal wounds {unknown}


   Skills:
 + Level 1.0 Fighting
 + Level 2.1 Dodging
 + Level 1.5 Stealth
 + Level 3.5 Unarmed Combat
 + Level 2.2 Spellcasting
 + Level 2.3 Transmutations


You had 3 spell levels left.
You knew the following spells:

 Your Spells              Type           Power      Damage    Failure   Level
a - Beastly Appendage     Tmut           16%        N/A       9%          1
b - Wereblood             Tmut           8%         N/A       13%         2

Your spell library contained the following spells:

 Spells                   Type           Power      Damage    Failure   Level
 Spider Form              Tmut/Pois      5%         N/A       38%         3
 Ice Form                 Ice/Tmut       5%         N/A       80%         4


Dungeon Overview and Level Annotations

Branches:
Dungeon (2/15)

Altars:


Innate Abilities, Weirdness & Mutations

One of your tentacles has grown a beastly spike.
You cannot wear most types of armour.
You are amphibious.
You can wear up to eight rings at the same time.
Your skin changes colour to match your surroundings (Stealth+).
Your rubbery body absorbs attacks. (AC +1, EV +1)
((You are camouflaged near water. (Stealth+)))
You have tentacles for arms and can constrict up to eight enemies at once.


Message History

Casting: Beastly Appendage (safe; 9% risk of failure)
Confirm with . or Enter, or press ? or * to list all spells.
One of your tentacles grows a vicious spike.
Your transformation is almost over.
You hit the quokka but do no damage. Your grab misses the quokka.
Your squeeze misses the quokka. The quokka misses you.
You closely miss the quokka. Your grab misses the quokka. The quokka bites you.
The quokka completely misses you.
You barely miss the quokka. You grab the quokka. You squeeze the quokka.
You kill the quokka!
Found a spear.
Your tentacle spike disappears.
There is a stone staircase leading up here.
A hound comes into view.
Casting: Beastly Appendage (safe; 9% risk of failure)
Confirm with . or Enter, or press ? or * to list all spells.
You miscast Beastly Appendage.
You are very lightly contaminated with residual magic.
Nothing appears to happen.
Casting: Beastly Appendage (safe; 9% risk of failure)
Confirm with . or Enter, or press ? or * to list all spells.
One of your tentacles grows a vicious spike.
The hound barks!
The hound bites you. x2
You barely miss the hound. Your grab misses the hound.
Your squeeze misses the hound. The hound barely misses you. x2
You hit the hound. Your grab misses the hound.
The hound is lightly wounded.
Your transformation is almost over.
The hound bites you.
You miss the hound. Your grab misses the hound.
Your tentacle spike misses the hound.
The hound is lightly wounded.
The hound bites you.
* * * LOW HITPOINT WARNING * * *
A giant cockroach comes into view.
The hound misses you.
The giant cockroach moves out of view.
Your magical contamination has completely faded away.
The hound bites you.
You die...

#.......#####..................
#.#.....#####>.######.......<..
#.##...#.......# #.###....## ..
##.##.......# #.# #....# #.
#.##..#........ #.# ##...#
#.###.##..#.#.####.##.####...#
#.............# #........##
#........###..####.....##......
#).##.........@h..# #..##...###
#..........#.###.## ##.##...#
##.#####.#.#.# #.# #......#
####.# #.#.#.# #.# ##......##
.....# #.#.#<# #.###..###...#
###### #.#.#.#####...#.####..##
#.#.#......##...........
#......###.##...####..##
#......# #.##...# #..#


You could see a hound.

Vanquished Creatures
  An adder (D:2)
  A ball python (D:1)
  2 endoplasms
  2 giant cockroaches (D:1)
  A hobgoblin (D:1)
  3 quokkas
  2 bats (D:1)
  A frilled lizard (D:1)
  A goblin (D:2)
  2 kobolds (D:1)
  A rat (D:1)
17 creatures vanquished.

Notes
Turn   | Place    | Note
-------+----------+-------------------------------------------
     0 | D:1      | croobank the Octopode Transmuter began the quest for the
                  | Orb.
     0 | D:1      | Reached XP level 1. HP: 13/13 MP: 3/3
   297 | D:1      | Reached XP level 2. HP: 16/18 MP: 3/5
   300 | D:1      | Learned a level 2 spell: Wereblood
   564 | D:1      | Found a faded altar of an unknown god.
   963 | D:2      | Reached skill level 1 in Stealth
   963 | D:2      | Reached XP level 3. HP: 20/23 MP: 4/6
  1244 | D:2      | Slain by a hound

Illustrated notes

Levels and vault maps discovered:
D:1:      minmay_arrival_glassed_features, layout_basic,
          shapermc_ecumenical_altar_mp_highgroup
D:2:      minmay_diamond_boxcup, layout_loops_ring

Skill      XL: |  1  2 |
---------------+-------+-----
Stealth        | 1 |  1.5
Fighting       | |  1.0
Dodging        | |  2.1
Unarmed Combat | |  3.5
Spellcasting   | |  2.2
Transmutations | |  2.3

Action                   || total
-------------------------++-------
Melee: Unarmed           ||    29
       Tentacles         ||     7
       Kick              ||     8
       Constrict         ||     7
       Punch             ||     1
       Trident           ||     6
 Cast: Beastly Appendage ||    14
  Use: Scroll            ||     5
 Stab: Sleeping          ||     6
Armor: Skin              ||     1
Dodge: Dodged            ||    12

Table legend: (Time is in decaauts)
 A = Elapsed time spent in this place.
 B = Non-inter-level travel time spent in this place.
 C = Inter-level travel time spent in this place.
 D = Time resting spent in this place.
 E = Time spent auto-exploring this place.
 F = Levels seen in this place.
 G = Mean time per level.
                   A        B        C        D        E       F      G
               +--------+--------+--------+--------+--------+-----+--------+
         Total |   1243 |   1233 |     10 |    245 |    784 |   2 |  621.5 |
       Dungeon |   1243 |   1233 |     10 |    245 |    784 |   2 |  621.5 |
               +--------+--------+--------+--------+--------+-----+--------+

Top non-repeatable levels by time:
     D:1: 950 daAuts
     D:2: 292 daAuts
